 Dungeon Crawl Stone Soup version 0.26.1-11-gd32895ea62 (webtiles) character file.

Game seed: 8589840142578632809

4574 jlumianski the Summoner (level 10, -3/44 HPs)
             Began as a Felid Summoner on May 21, 2021.
             Was an Elder of Dithmenos.
             Slain by a sixfirhy (9 damage)
             ... summoned by an orc sorcerer
             ... while paralysed by an orc sorcerer
             ... on level 1 of the Orcish Mines.
             The game lasted 02:07:29 (19234 turns).

jlumianski the Summoner (Felid Summoner)           Turns: 19234, Time: 02:07:30

Health: -3/44      AC:  2    Str:  4    XL:     10   Next: 18%
Magic:  24/32      EV:  4    Int: 25    God:    Dithmenos [****..]
Gold:   435        SH:  0    Dex: 18    Spells: 7/26 levels left
                                        Lives:  0   Deaths: 3

rFire    . . .     SeeInvis +     - Unarmed
rCold    . . .     Faith    .   (shield unavailable)
rNeg     . . .     Spirit   .   (armour unavailable)
rPois    .         Reflect  .   (helmet unavailable)
rElec    .         Harm     .   (cloak unavailable)
rCorr    .         Rampage  .   (gloves unavailable)
Will     +....                  (boots unavailable)
Stlth    +++++.....             n - amulet of magic regeneration
HPRegen  0.14/turn              F - ring of magical power
MPRegen  0.48/turn              b - +6 ring of intelligence

@: paralysed, wreathed by umbra, quick
A: very small, no armour, no weapons or thrown items, stealth, claws 1, fangs 3,
see invisible, speed 1, shaggy fur 2, sharp paws
a: Renounce Religion, Shadow Step


You were on level 1 of the Orcish Mines.
You worshipped Dithmenos.
Dithmenos was greatly pleased with you.
You visited 2 branches of the dungeon, and saw 14 of its levels.

You collected 1005 gold pieces.
You spent 570 gold pieces at shops.

Inventory:

Jewellery
 a - an uncursed ring of teleportation
 b - a +6 ring of intelligence (right paw)
 f - an uncursed amulet of inaccuracy
 h - an uncursed ring of willpower
 n - an amulet of magic regeneration (around neck)
 q - an uncursed ring of protection from cold
 y - an uncursed ring of willpower
 B - an uncursed ring of protection from fire
 C - an uncursed amulet of faith
 F - a ring of magical power (left paw)
Wands
 i - a wand of random effects (13)
 l - a wand of disintegration (3)
 A - a wand of flame (29)
 E - a wand of acid (1)
Scrolls
 m - 3 scrolls of enchant weapon
 r - a scroll of teleportation
 s - 2 scrolls of amnesia
 t - a scroll of fear
 u - 2 scrolls of remove curse
 v - 3 scrolls of identify
 x - a scroll of magic mapping
Potions
 c - a potion of cancellation
 d - 3 potions of curing
 e - 6 potions of brilliance {unknown}
 g - a potion of magic
 j - 2 potions of lignification
 k - a potion of haste {unknown}
 o - a potion of ambrosia
 p - a potion of flight
 w - a potion of berserk rage
 z - a potion of attraction
 D - a potion of heal wounds {unknown}


   Skills:
 * Level 5.1 Fighting
 * Level 8.3 Dodging
 + Level 5.6 Stealth
 * Level 5.9 Unarmed Combat
 + Level 8.9 Spellcasting
 + Level 0.2 Conjurations
 + Level 4.8 Hexes
 + Level 9.5 Summonings
 * Level 4.0 Fire Magic
 + Level 0.1 Air Magic
 + Level 0.4 Evocations


You had 7 spell levels left.
You knew the following spells:

 Your Spells              Type           Power        Failure   Level
a - Summon Small Mammal   Summ           100%         1%          1
b - Call Imp              Summ           56%          1%          2
c - Call Canine Familiar  Summ           56%          1%          3
d - Summon Guardian Gole  Hex/Summ       47%          1%          3
e - Foxfire               Conj/Fire      84%          2%          1
f - Inner Flame           Hex/Fire       33%          2%          3
g - Blink                 Tloc           N/A          9%          2
h - Summon Lightning Spi  Summ/Air       35%          8%          4

Your spell library contained the following spells:

 Spells                   Type           Power        Failure   Level
 Slow                     Hex            35%          1%          2
 Ensorcelled Hibernation  Hex/Ice        46%          3%          2
 Magic Dart               Conj           48%          4%          1
 Conjure Flame            Conj/Fire      21%          7%          3
 Summon Ice Beast         Ice/Summ       35%          8%          4
 Mephitic Cloud           Conj/Pois/Air  11%          16%         3
 Shadow Creatures         Summ           N/A          17%         6
 Sticky Flame             Conj/Fire      21%          22%         4
 Silence                  Hex/Air        11%          50%         5
 Fireball                 Conj/Fire      10%          54%         5
 Borgnjor's Vile Clutch   Necr/Erth      5%           83%         5


Dungeon Overview and Level Annotations

Branches:
Dungeon (13/15)            Temple (0/1) D:6            Lair (0/6) D:9
    Orc (1/2) D:11
 Vaults: D:13-14

Altars:
Ashenzari
Cheibriados
Dithmenos
Fedhas
Gozag
Makhleb
Nemelex Xobeh
Okawaru
Qazlal
Ru
Sif Muna
Vehumet
Wu Jian
Xom
Yredelemnul
Zin

Shops:
D:5 [   D:8 :   D:11 [***

Annotations:
D:9 exclusion: obsidian statue


Innate Abilities, Weirdness & Mutations

You cannot wear armour.
You are incapable of wielding weapons or throwing items.
Your paws allow you to move quietly. (Stealth)
You have sharp claws.
You have razor-sharp teeth.
You have supernaturally acute eyesight. (SInv)
You cover ground quickly.
You are covered in thick fur. (AC +2)
Your sharp claws are effective at attacking unaware monsters.


Message History

Confirm with . or Enter, or press ? or * to list all spells.
Aiming: Inner Flame (dangerous; 2% risk of failure)
Press: ? - help, Shift-Dir - straight line, f - quokka
Aim: a quokka (summoned, friendly, umbra, chance to affect: 95%)
Your quokka is filled with an inner flame.
Your quokka barely misses the sixfirhy.
Your quokka misses the sixfirhy. The sixfirhy misses you.
Your quokka closely misses the sixfirhy.
The sixfirhy barely misses you. The sixfirhy completely misses you.
The sixfirhy misses you.
The orc sorcerer points at you and mumbles some strange words.
You suddenly lose the ability to move!
Your quokka completely misses the sixfirhy.
The sixfirhy hits you! The sixfirhy shocks you!
* * * LOW HITPOINT WARNING * * *
The sixfirhy hits you.
* * * LOW HITPOINT WARNING * * *
The sixfirhy shocks you!
You die...

#. ##......3.# #. ###.
...o....# ##.
##....####.......# #..
......#.##......#### ####.
......$..........#.###.###
.........§§§........#...#
.........r.☼.......###.##
........3§§§...#...##...#
..#......@......#.#..#.###
.........................#
......>...............))).
$...............#.#...##§#
.............#.........###
...$.........##........###
......................###8
#............##.....####..
#.........#######.#.##.#..


You could see a sixfirhy (summoned), an orc sorcerer and a friendly quokka
(summoned, inner flame).

Vanquished Creatures
  A hydra (D:12)
  An orc knight (D:11)
  An ugly thing (D:11)
  2 kobold demonologists (D:11)
  A troll (Orc:1)
  A yak (D:12)
  A sky beast (D:7)
  2 black bears
  5 orc warriors
  3 phantoms
  An ogre (Orc:1)
  A big kobold (D:10)
  A bullfrog (D:10)
  A gnoll sergeant (D:7)
  A scorpion (D:10)
  A killer bee (D:10)
  2 wights (D:12)
  A bullfrog zombie (D:9)
  2 orc wizards
  2 orc priests
  A bullfrog skeleton (D:10)
  An iguana (D:10)
  A worker ant (D:3)
  A howler monkey zombie (D:9)
  An adder (D:11)
  A gnoll (D:3)
  A white imp (D:10)
  A leopard gecko (D:5)
  7 orcs
  4 bats
  A giant cockroach (D:4)
  A goblin (D:2)
  4 hobgoblins
  3 jackals
  4 quokkas
  3 frilled lizards
  9 kobolds
  A quokka skeleton (D:9)
  3 rats (D:2)
79 creatures vanquished.

Vanquished Creatures (collateral kills)
  A two-headed ogre (D:10)
  The ghost of Zeld the Slicer, a novice OpBr of Fedhas (D:9)
  2 ugly things (D:12)
  A cyclops (D:11)
  A centaur skeleton (D:10)
  An efreet (D:12)
  A queen bee (D:10)
  2 yaks (D:12)
  Eustachio (D:6)
  2 water moccasins
  The ghost of wafflestompin the Sneak, an amateur SpEn of Gozag (D:4)
  2 orc warriors
  2 sky beasts
  3 ice beasts
  3 black bears
  2 necrophages
  9 ogres
  2 phantoms
  A centaur (D:5)
  3 big kobolds
  5 bullfrogs
  2 scorpions
  10 killer bees
  10 wights
  A howler monkey (D:6)
  A bullfrog zombie (D:7)
  2 jellies
  A gnoll shaman (D:6)
  5 orc priests
  4 hounds
  Jessica (D:3)
  4 iguanas
  8 worker ants
  10 orc wizards
  2 hound skeletons
  A worker ant zombie (D:6)
  10 adders
  11 gnolls
  An ufetubus (D:9)
  4 oozes
  An adder skeleton (D:4)
  A worm (D:3)
  A dart slug (D:2)
  4 leopard geckos
  31 orcs
  A ball python (D:1)
  2 giant cockroaches
  6 goblins
  5 hobgoblins
  18 jackals
  17 kobolds
  A quokka (D:2)
  4 bats
  4 frilled lizards
  A jackal skeleton (D:6)
  4 rats
235 creatures vanquished.

Vanquished Creatures (others)
  An ettin (Orc:1)
  A gargoyle (D:11)
  A merfolk (shapeshifter) (D:9)
  A yak (D:12)
  An orc warrior (D:11)
  A bullfrog (D:8)
  8 killer bees
  An orc (Orc:1)
  A kobold (D:12)
  65 foxfires
  12 plants
  4 toadstools (D:1)
97 creatures vanquished.

Grand Total: 411 creatures vanquished

Notes
Turn   | Place    | Note
-------+----------+-------------------------------------------
     0 | D:1      | jlumianski the Felid Summoner began the quest for the Orb.
     0 | D:1      | Reached XP level 1. HP: 7/7 MP: 4/4
   276 | D:1      | Reached XP level 2. HP: 11/11 MP: 1/6
   279 | D:1      | Learned a level 2 spell: Call Imp
  1797 | D:2      | Reached XP level 3. HP: 14/14 MP: 4/7
  2586 | D:2      | Learned a level 3 spell: Call Canine Familiar
  3252 | D:3      | Reached XP level 4. HP: 18/18 MP: 1/9
  3334 | D:3      | Found a faded altar of an unknown god.
  3640 | D:3      | Noticed Jessica
  3666 | D:3      | Killed Jessica
  4203 | D:3      | Reached skill level 5 in Summonings
  4599 | D:4      | Found a runed translucent gate.
  4599 | D:4      | Found a runed translucent gate.
  4599 | D:4      | Found a runed translucent gate.
  4893 | D:4      | Noticed wafflestompin's ghost (amateur SpEn)
  4959 | D:4      | Reached XP level 5. HP: 21/21 MP: 3/11
  6679 | D:4      | Killed wafflestompin's ghost
  6680 | D:4      | Gained mutation: You are covered in thick fur. (AC +2)
                  | [Felid growth]
  6680 | D:4      | Reached XP level 6. HP: 24/24 MP: 5/13
  6708 | D:5      | Entered Level 5 of the Dungeon
  6838 | D:5      | Found Ciguak's Armour Shop.
  7258 | D:5      | Reached skill level 6 in Summonings
  7696 | D:5      | Found a shadowy altar of Dithmenos.
  7707 | D:5      | Became a worshipper of Dithmenos the Shadowed
  7790 | D:6      | Noticed an orc warrior
  7846 | D:5      | Killed an orc warrior
  8026 | D:6      | Reached XP level 7. HP: 21/27 MP: 8/15
  8211 | D:6      | Noticed Eustachio
  8243 | D:6      | Found a staircase to the Ecumenical Temple.
  8758 | D:6      | Killed Eustachio
  8759 | D:6      | Reached skill level 5 in Spellcasting
  9075 | D:6      | Found a basalt altar of Yredelemnul.
  9076 | D:6      | Found a burning altar of Makhleb.
  9076 | D:6      | Found a stormy altar of Qazlal.
  9170 | D:7      | Found a radiant altar of Vehumet.
  9198 | D:6      | Reached skill level 1 in Unarmed Combat
  9202 | D:6      | Learned a level 3 spell: Summon Guardian Golem
  9499 | D:6      | Slain by a wight
  9500 | D:6      | Reached XP level 6. HP: -4/23 MP: 14/15
  9638 | D:7      | Found an iron altar of Okawaru.
  9642 | D:7      | Noticed a sky beast
  9674 | D:7      | Killed a sky beast
  9981 | D:7      | Reached * piety under Dithmenos
  9982 | D:7      | Reached XP level 7. HP: 13/28 MP: 16/16
 10174 | D:7      | Found a shimmering blue altar of Sif Muna.
 10174 | D:7      | Found a broken altar of Ashenzari.
 10182 | D:7      | Found a faded altar of an unknown god.
 10184 | D:7      | Found a shadowy altar of Dithmenos.
 10186 | D:7      | Found a faded altar of an unknown god.
 10240 | D:7      | Reached skill level 1 in Fighting
 10300 | D:7      | Reached skill level 7 in Summonings
 10493 | D:7      | Found a snail-covered altar of Cheibriados.
 10493 | D:7      | Found a sacrificial altar of Ru.
 10495 | D:7      | Found a sparkling altar of Nemelex Xobeh.
 10496 | D:7      | Found a blossoming altar of Fedhas.
 10496 | D:7      | Found a glowing silver altar of Zin.
 10496 | D:7      | Found a shimmering altar of Xom.
 10884 | D:8      | Reached skill level 1 in Hexes
 11053 | D:8      | Reached XP level 8. HP: 32/32 MP: 14/18
 11202 | D:8      | Reached skill level 5 in Dodging
 11644 | D:8      | Reached ** piety under Dithmenos
 11814 | D:8      | Found Roheytott's Book Emporium.
 11985 | D:8      | Bought a book of Flames for 420 gold pieces
 11987 | D:8      | Learned a level 1 spell: Foxfire
 12754 | D:9      | Found a staircase to the Lair.
 13080 | D:9      | Found a runed translucent gate.
 13080 | D:9      | Found a runed translucent gate.
 13082 | D:9      | Found a runed translucent gate.
 13082 | D:9      | Found an opulent altar of Gozag.
 13083 | D:9      | Noticed an obsidian statue
 13084 | D:9      | Noticed a fire crab
 13085 | D:9      | Noticed Zeld's ghost (novice OpBr)
 13154 | D:9      | Noticed a merfolk
 13186 | D:9      | Killed a merfolk
 13187 | D:9      | Reached skill level 8 in Summonings
 13187 | D:9      | Reached skill level 1 in Fire Magic
 13187 | D:9      | Reached XP level 9. HP: 37/37 MP: 9/20
 13227 | D:9      | Killed Zeld's ghost
 13236 | D:9      | Noticed a soul eater
 13239 | D:9      | Noticed a sixfirhy
 13253 | D:9      | Slain by a sixfirhy
 13254 | D:9      | Reached XP level 8. HP: 0/34 MP: 13/19
 13333 | D:10     | Entered Level 10 of the Dungeon
 13428 | D:10     | Learned a level 3 spell: Inner Flame
 13429 | D:10     | Noticed a two-headed ogre
 13446 | D:10     | Killed a two-headed ogre
 13610 | D:10     | Reached skill level 5 in Stealth
 13714 | D:10     | Reached XP level 9. HP: 26/38 MP: 8/21
 13717 | D:10     | Reached *** piety under Dithmenos
 14078 | D:10     | Learned a level 2 spell: Blink
 14737 | D:10     | Noticed a queen bee
 14803 | D:10     | Killed a queen bee
 15285 | D:11     | Noticed a kobold demonologist
 15289 | D:11     | Noticed a kobold demonologist
 15459 | D:11     | Noticed a gargoyle
 15495 | D:11     | Killed a gargoyle
 15560 | D:11     | Found Nidghedgh's Assorted Antiques.
 15564 | D:11     | Bought 2 potions of curing for 150 gold pieces
 15571 | D:11     | Found Beshruqep's General Store.
 15580 | D:11     | Noticed a cyclops
 15624 | D:11     | Killed a cyclops
 16005 | D:11     | Found Otwi's Armour Shoppe.
 16071 | D:11     | Noticed an orc knight
 16109 | D:11     | Killed an orc knight
 16110 | D:11     | Reached skill level 5 in Unarmed Combat
 16174 | D:11     | Found a staircase to the Orcish Mines.
 16247 | D:11     | Found Jestamm's General Store.
 16679 | D:12     | Learned a level 4 spell: Summon Lightning Spire
 16682 | D:12     | Found an ornate altar of the Wu Jian Council.
 16707 | D:12     | Reached skill level 9 in Summonings
 16707 | D:12     | Reached XP level 10. HP: 42/42 MP: 23/23
 16714 | D:12     | Noticed an eight-headed hydra
 16723 | D:12     | Noticed a brown ugly thing
 16736 | D:12     | Killed an eight-headed hydra
 16753 | D:12     | Killed a brown ugly thing
 16755 | D:12     | Reached **** piety under Dithmenos
 16854 | D:11     | Noticed a soul eater
 16928 | D:12     | Noticed a red ugly thing
 16946 | D:12     | Killed a red ugly thing
 17156 | D:12     | Noticed a green ugly thing
 17516 | D:11     | Killed a green ugly thing
 18453 | D:12     | HP: 2/43 [meliai/+0 war axe (12)]
 18453 | D:12     | Mangled by a meliai
 18454 | D:12     | Reached XP level 9. HP: -9/40 MP: 29/31
 18514 | Orc:1    | Entered Level 1 of the Orcish Mines
 19134 | Orc:1    | Noticed an ettin
 19190 | Orc:1    | Noticed a troll
 19201 | Orc:1    | Killed a troll
 19202 | Orc:1    | Reached skill level 5 in Fighting
 19202 | Orc:1    | Reached XP level 10. HP: 44/44 MP: 23/23
 19214 | Orc:1    | Noticed an orc sorcerer
 19225 | Orc:1    | Killed an ettin
 19227 | Orc:1    | Noticed a sixfirhy
 19233 | Orc:1    | Paralysed by an orc sorcerer for 5 turns
 19234 | Orc:1    | Slain by a sixfirhy

Illustrated notes

Levels and vault maps discovered:
D:1:      ldierk_walled_garden_2, layout_basic
D:2:      layout_basic
D:3:      minmay_inner_zag, layout_basic, chequers_ecumenical_altar_simple,
          minmay_misc_feat_encased, uniq_jessica
D:4:      layout_layer_cave, gammafunk_ghost_split
D:5:      layout_cave_pods, serial_shops, shop,
          nicolae_dithmenos_through_a_glass_darkly
D:6:      layout_cave_pools, gammafunk_temple_overflow_claw,
          minmay_temple_entry_gardened_gates, uniq_eustachio
D:7:      layout_rooms, chequers_temple_overflow_minitemple,
          grunt_temple_overflow_open, vehumet_altar_wand_db, basic_altar
D:8:      layout_loops_ring, serial_shops, nicolae_shop_waterfront
D:9:      layout_small_grid, lair_entry_dummy, ebering_ghost_gozag
D:10:     layout_cave_pods, nicolae_looking_at_the_future
D:11:     layout_roguey, orc_david_3, serial_shops, nicolae_shop_waterfront,
          shop, nicolae_shop_window_shopping
D:12:     layout_basic, basic_altar
D:13:     layout_basic, special_room [special_room_orc], serial_shops, shop
Orc:1:    layout_caves, lightli_orcish_oven

Skill      XL: |  1  2  3  4  5  6  7  8  9 10 |
---------------+-------------------------------+-----
Dodging        | 3 4 5 7 8 |  8.3
Stealth        | 3 4 5 |  5.6
Spellcasting   | 3 4 6 7 8 |  8.9
Summonings     | 5 6 7 8 9 |  9.5
Unarmed Combat | 2 4 5 |  5.9
Fighting       | 1 3 5 |  5.1
Hexes          | 1 2 3 4 |  4.8
Fire Magic     | 2 4 |  4.0
Conjurations   | |  0.2
Air Magic      | |  0.1
Evocations     | |  0.4

Action                   |  1- 3 |  4- 6 |  7- 9 | 10-12 || total
-------------------------+-------+-------+-------+-------++-------
Melee: Unarmed           |    51 |    72 |    99 |    27 ||   249
       Bite              |     1 |     6 |     6 |     1 ||    14
       Punch             |       |       |     1 |       ||     1
 Cast: Summon Small Mamm |    72 |    56 |   126 |    25 ||   279
       Call Imp          |    31 |    46 |    66 |     7 ||   150
       Call Canine Famil |       |    29 |    73 |    16 ||   118
       Summon Guardian G |       |       |    69 |     9 ||    78
       Foxfire           |       |       |    36 |     4 ||    40
       Inner Flame       |       |       |    20 |    12 ||    32
       Summon Lightning  |       |       |       |     4 ||     4
Evoke: Wand              |       |     2 |     4 |       ||     6
  Use: Scroll            |     3 |     8 |     3 |       ||    14
       Potion            |     1 |     4 |     7 |       ||    12
 Stab: Sleeping          |     9 |     9 |    14 |       ||    32
       Distracted        |     2 |       |     2 |     1 ||     5
Armor: Skin              |     5 |     5 |    10 |     3 ||    23
Dodge: Dodged            |    71 |   106 |   200 |    72 ||   449
